 Dungeon Crawl Stone Soup version 0.25-a0-464-g3004169c2b (webtiles) character file.

Game seed: 5584721648092885667, levelgen mode: classic

53 EnegeticOcto the Vandal (level 4, -1/45 HPs)
             Began as a Halfling Arcane Marksman on Feb 4, 2020.
             Slain by Ijyb
             ... wielding a +0 dagger
              (2 damage)
             ... on level 3 of the Dungeon.
             The game lasted 00:02:18 (1229 turns).

EnegeticOcto the Vandal (Halfling Arcane Marksman)  Turns: 1229, Time: 00:02:18

Health: -1/45      AC:  2    Str: 17    XL:     4   Next: 11%
Magic:  5/5        EV: 15    Int: 11    God:
Gold:   94         SH:  0    Dex: 14    Spells: 4/5 levels left

rFire    . . .     SeeInvis .   c - +0 whip
rCold    . . .     Gourm    .   (shield restricted)
rNeg     . . .     Faith    .   f - +0 robe
rPois    +         Spirit   .   (no helmet)
rElec    .         Reflect  .   (no cloak)
rCorr    .         Harm     .   (no gloves)
MR       .....                  (no boots)
Stlth    ..........             (no amulet)
HPRegen  0.15/turn              o - ring of poison resistance
MPRegen  0.09/turn              k - +5 ring of slaying

@: berserking, very quick
A: small, mutation resistance 1
a: no special abilities


You were on level 3 of the Dungeon.
You were not hungry.

You visited 1 branch of the dungeon, and saw 3 of its levels.

You collected 94 gold pieces.

Inventory:

Hand Weapons
 a - a +0 hunting sling
 c - a +0 whip (weapon)
Missiles
 d - 36 sling bullets
 n - 15 poisoned darts (quivered)
 r - 21 stones
Armour
 f - a +0 robe (worn)
Jewellery
 k - a +5 ring of slaying (right hand)
 o - a ring of poison resistance (left hand)
Scrolls
 b - 2 scrolls of remove curse {unknown}
 i - a scroll of magic mapping {unknown}
 j - 2 scrolls of teleportation {unknown}
 l - a scroll of enchant weapon {unknown}
 p - 2 scrolls of identify {unknown}
 t - a scroll of random uselessness {unknown}
 u - 2 scrolls of immolation {unknown}
Potions
 g - a potion of flight {unknown}
 h - a potion of might {unknown}
 s - a potion of curing {unknown}
Comestibles
 e - 5 rations
 q - 8 chunks of flesh


   Skills:
 + Level 2.3 Fighting
 + Level 4.7 Slings
 - Level 2.1 Dodging
 - Level 1.0 Spellcasting
 - Level 2.4 Hexes


You had 4 spell levels left.
You knew the following spells:

 Your Spells              Type           Power        Failure   Level  Hunger
a - Corona                Hex            #......      12%         1    ##.....

Your spell library contained the following spells:

 Spells                   Type           Power        Failure   Level  Hunger
 Slow                     Hex            #.......     19%         2    ###....
 Inner Flame              Hex/Fire       #.......     52%         3    ####...
 Portal Projectile        Hex/Tloc       #.....       52%         3    ####...
 Cause Fear               Hex            #.........   77%         4    #####..
 Leda's Liquefaction      Hex/Erth       #.........   89%         4    #####..


Dungeon Overview and Level Annotations

Branches:
Dungeon (3/15)

Altars:

Annotations:
D:2 Jessica, Sigmund
D:3 Ijyb


Innate Abilities, Weirdness & Mutations

You are small and have problems with some larger weapons.
You are somewhat resistant to further mutation.


Message History

d - 38 sling bullets (gained 1)
You see here a frilled lizard corpse.
There are no objects that can be picked up here. a frilled lizard corpse You butcher the frilled lizard corpse.
q - 4 chunks of flesh (gained 1)
You see here a frilled lizard skeleton.
You now have 94 gold pieces (gained 18).
An adder comes into view.
You are feeling hungry.
Casting: Corona (safe; 12% risk of failure)
Confirm with . or Enter, or press ? or * to list all spells.
Aiming: Corona (safe; 12% risk of failure)
Press: ? - help, Shift-Dir - straight line, f - adder
Aim: an adder (resting, chance to defeat MR: 48%)
The adder hisses angrily.
The adder is outlined in light.
Firing (i - inventory. (/) - cycle)
d - 38 sling bullets (quivered)
Press: ? - help, Shift-Dir - straight line, f/p - adder
Aim: an adder (softly glowing)
You shoot a sling bullet.
The sling bullet barely misses the adder.
Firing (i - inventory. (/) - cycle)
d - 37 sling bullets (quivered)
Press: ? - help, Shift-Dir - straight line, f/p - adder
Aim: an adder (softly glowing)
You shoot a sling bullet.
The sling bullet closely misses the adder.
Firing (i - inventory. (/) - cycle)
d - 36 sling bullets (quivered)
Press: ? - help, Shift-Dir - straight line, f/p - adder
Aim: an adder (softly glowing)
You shoot a sling bullet. The sling bullet hits the adder.
The adder is moderately wounded.
Firing (i - inventory. (/) - cycle)
d - 35 sling bullets (quivered)
Press: ? - help, Shift-Dir - straight line, f/p - adder
Aim: an adder (moderately wounded, softly glowing)
You shoot a sling bullet. The sling bullet hits the adder!
You kill the adder!
You have reached level 4!
Eating one of 4 chunks of flesh.
You eat one of the 4 chunks of flesh.
This raw flesh tastes terrible.
Magic restored.
d - 35 sling bullets (gained 1)
You butcher the adder corpse.
q - 5 chunks of flesh (gained 2)
You see here an adder skeleton. x2
d - 36 sling bullets (gained 1)
A bat comes into view.
You see here a sling bullet.
Firing (i - inventory. (/) - cycle)
d - 36 sling bullets (quivered)
Press: ? - help, Shift-Dir - straight line, f - bat
Aim: a bat (resting)
You shoot a sling bullet. The sling bullet hits the bat.
You kill the bat!
No target in view!
d - 36 sling bullets (gained 1)
d - 37 sling bullets (gained 1)
d - 38 sling bullets (gained 1)
You butcher the bat corpse.
q - 6 chunks of flesh (gained 1)
You see here a bat skeleton. x2
A quokka comes into view.
Firing (i - inventory. (/) - cycle)
d - 38 sling bullets (quivered)
Press: ? - help, Shift-Dir - straight line, f - quokka
Aim: a quokka You shoot a sling bullet.
The sling bullet hits the quokka!
You kill the quokka!
No target in view!
d - 38 sling bullets (gained 1)
You butcher the quokka corpse.
q - 8 chunks of flesh (gained 2)
You see here a quokka skeleton. x2
A hobgoblin and Ijyb come into view.
Ijyb is wielding a +0 dagger and carrying a wand of iceblast (2).
Ijyb shouts!
Ijyb moves out of view.
Firing (i - inventory. (/) - cycle)
d - 38 sling bullets (quivered)
Press: ? - help, Shift-Dir - straight line, f - Ijyb
Aim: Ijyb, wielding a +0 dagger, wearing a +0 leather armour and carrying a wand of iceblast (2)
You shoot a sling bullet. The sling bullet barely misses Ijyb.
Firing (i - inventory. (/) - cycle)
d - 37 sling bullets (quivered)
Press: ? - help, Shift-Dir - straight line, f/p - Ijyb
Aim: Ijyb, wielding a +0 dagger, wearing a +0 leather armour and carrying a wand of iceblast (2)
You shoot a sling bullet. The sling bullet closely misses Ijyb.
Ijyb zaps a wand.
The mass of ice explodes!
The iceblast engulfs you!!
Ouch! That really hurt!
* * * LOW HITPOINT WARNING * * *
It was a potion of berserk rage.
A red film seems to cover your vision as you go berserk!
You feel yourself moving faster!
You feel mighty! Ijyb screams, "Me stronger than you!"
c - a +0 whip (weapon)
You feel a strong urge to attack something.
Ijyb zaps a wand.
The mass of ice explodes!
The iceblast engulfs you!
* * * LOW HITPOINT WARNING * * *
The now-empty wand crumbles to dust.
You closely miss Ijyb. Ijyb misses you.
You are too berserk!
You closely miss Ijyb. Ijyb misses you.
You barely miss Ijyb. Ijyb hits you with a +0 dagger.
You die...

..##..........##..........
......<.......##...........
..#...........####.....#...
.....<........# #.###.....
.....####..#.. #.....#..
.....# #.##. ###..#### .
#....# #..#.##...## #....#
#...#...## #...##
#####...@## .##.#
##......g## . ...
.......g## # .... ###.###(#
###.. . #.# .## ... .. ...
..... .g...


You could see Ijyb and a hobgoblin.

Vanquished Creatures
  An adder (D:3)
  A dart slug (D:1)
  A leopard gecko (D:1)
  6 bats
  2 giant cockroaches (D:1)
  3 goblins (D:1)
  7 hobgoblins (D:1)
  5 jackals
  A quokka (D:3)
  A ball python (D:1)
  7 frilled lizards
  2 kobolds (D:1)
  A rat (D:1)
38 creatures vanquished.

Notes
Turn   | Place    | Note
-------+----------+-------------------------------------------
     0 | D:1      | EnegeticOcto the Halfling Arcane Marksman began the quest
                  | for the Orb.
     0 | D:1      | Reached XP level 1. HP: 12/12 MP: 2/2
    22 | D:1      | Reached skill level 1 in Fighting
   123 | D:1      | Reached XP level 2. HP: 18/18 MP: 3/3
   539 | D:1      | Reached skill level 4 in Slings
   539 | D:1      | Reached XP level 3. HP: 24/24 MP: 4/4
   990 | D:2      | Noticed Jessica
   990 | D:2      | Noticed Sigmund
  1138 | D:3      | Reached XP level 4. HP: 29/29 MP: 3/5
  1218 | D:3      | Noticed Ijyb
  1225 | D:3      | HP: 1/45 [Ijyb/iceblast (13)]
  1229 | D:3      | Slain by Ijyb

Levels and vault maps discovered:
D:1:      minmay_arrival_hallway, layout_basic
D:2:      layout_rooms, first_ration, uniq_jessica, uniq_sigmund
D:3:      layout_rooms, due_unseen_surprise, uniq_ijyb

Skill      XL: |  1  2  3 |
---------------+----------+-----
Fighting       | 1 2 |  2.3
Slings         | 4 |  4.7
Dodging        | |  2.1
Spellcasting   | |  1.0
Hexes          | |  2.4

Action                   |  1- 3 |  4- 6 || total
-------------------------+-------+-------++-------
Melee: Whip              |       |     3 ||     3
 Fire: Hunting sling     |    95 |     4 ||    99
 Cast: Corona            |     1 |       ||     1
  Use: Potion            |       |     1 ||     1
  Eat: Chunk             |       |     1 ||     1
Armor: Robe              |     4 |       ||     4
Dodge: Dodged            |    14 |     2 ||    16

Table legend:
 A = Non-vault XP
 B = Vault XP
 C = Vault XP percentage of total XP
 D = Non-vault monster count
 E = Vault monster count
 F = Vault count percentage of total count
                 A         B        C        D         E       F
            +---------+---------+-------+---------+---------+-------
      Total |      77 |       0 |   0.0 |      38 |       0 |   0.0
            +---------+---------+-------+---------+---------+-------
        D:1 |      51 |       0 |   0.0 |      29 |       0 |   0.0
        D:3 |      26 |       0 |   0.0 |       9 |       0 |   0.0
            +---------+---------+-------+---------+---------+-------
